 Dungeon Crawl Stone Soup version 0.21.1-1-g345015fe64 (webtiles) character file.

55315 TomHero the Blocker (level 14, -22/130 HPs)
             Began as a Minotaur Berserker on July 10, 2018.
             Was a High Priest of Trog.
             Killed from afar by a fire dragon (32 damage)
             ... with a blast of flame
             ... on level 1 of the Depths on July 11, 2018.
             The game lasted 06:35:37 (18343 turns).

TomHero the Blocker (Minotaur Berserker)           Turns: 18343, Time: 06:35:38

Health: -22/130    AC: 13    Str: 28    XL:     14   Next: 37%
Magic:  4/4        EV: 13    Int:  4    God:    Trog [*****.]
Gold:   853        SH: 14    Dex:  9    Spells: 13/13 levels left

rFire    . . .     SeeInvis .   y - +6 broad axe (antimagic)
rCold    + . .     Gourm    .   M - +0 shield
rNeg     . . .     Faith    .   V - +4 troll leather armour
rPois    +         Spirit   .   (helmet restricted)
rElec    .         Reflect  .   (no cloak)
rCorr    .         Harm     .   t - +0 pair of gloves
MR       ++...                  Z - +0 pair of boots
Stlth    +.........             N - amulet of regeneration
HPRegen  2.11/turn              o - ring of protection from magic
MPRegen  0.09/turn              (no ring)

@: vulnerable, berserk cooldown, regenerating, hasted and slowed
A: retaliatory headbutt, horns 2, talons 1, cold resistance 1, poison resistance
a: Berserk, Trog's Hand, Brothers in Arms, Burn Spellbooks, Renounce Religion


You were on level 1 of the Depths.
You worshipped Trog.
Trog was extremely pleased with you.
You were not hungry.

You visited 4 branches of the dungeon, and saw 18 of its levels.

You collected 853 gold pieces.

Inventory:

Hand Weapons
 a - the +6 dagger of Analysis {pierce, rF++}
   (You found it on level 12 of the Dungeon)

   It inflicts extra damage upon your enemies.
   It greatly protects you from fire.
 e - a +0 blowgun
 g - a +2 long sword of freezing
 n - a +0 quarterstaff of protection
 q - the +6 long sword of Melee {slice, *Noise rElec rF+++ Str-3}
   (You found it on level 11 of the Dungeon)

   It inflicts extra damage upon your enemies.
   It affects your strength (-3).
   It renders you almost immune to fire.
   It insulates you from electricity.
   It may make noises in combat.
 y - a +6 antimagic broad axe (weapon)
 A - a +4 hunting sling
 B - a +2 flail of crushing
 D - a +0 mace of protection
 F - a +4 scimitar of flaming
 G - the +1 dagger of Wydeocoqefo {flame, +Rage rPois MP+9 Str-3}
   (You found it on level 5 of the Dungeon)

   It has been specially enchanted to burn those struck by it, causing extra
   injury to most foes and up to half again as much damage against particularly
   susceptible opponents.
   It affects your strength (-3).
   It protects you from poison.
   It affects your magic capacity (+9).
   It lets you go berserk.
 J - a +1 hunting sling of freezing
 L - a +2 long sword of freezing
 S - the +9 spear "Podwom" {freeze, rN+ Int-3 Dex+3}
   (You found it on level 13 of the Dungeon)

   It has been specially enchanted to freeze those struck by it, causing extra
   injury to most foes and up to half again as much damage against particularly
   susceptible opponents.
   It can also slow down cold-blooded creatures.
   It affects your intelligence (-3).
   It affects your dexterity (+3).
   It protects you from negative energy.
 Y - a +2 war axe of venom
Missiles
 b - 4 javelins
 d - 10 curare-tipped needles
 h - 537 stones (quivered)
 i - 49 poisoned needles
 r - 109 sling bullets
 K - 2 tomahawks of returning
 T - 16 tomahawks
Armour
 t - a +0 pair of gloves (worn)
 u - a +2 robe of cold resistance
 E - a +2 chain mail of poison resistance
 M - a +0 shield (worn)
 U - the +0 robe of Bitterness {rC++ Slay-3}
   (You took it off an orc on level 6 of the Dungeon)

   It affects your accuracy and damage with ranged weapons and melee attacks
   (-3).
   It greatly protects you from cold.
 V - a +4 troll leather armour (worn)
 Z - a +0 pair of boots (worn)
Jewellery
 k - an uncursed amulet of faith
 l - an uncursed ring of ice
 o - a ring of protection from magic (left hand)
 N - an amulet of regeneration (around neck)
 P - an uncursed amulet of the gourmand
Wands
 j - a wand of flame (87)
 w - a wand of paralysis (15)
 O - a wand of iceblast (9)
 R - a wand of enslavement (9)
 W - a wand of polymorph (29)
 X - a wand of disintegration (13)
Scrolls
 m - a scroll of fear
 v - 2 scrolls of remove curse
Potions
 f - 3 potions of cancellation
 z - 6 potions of brilliance
Books
 x - a Young Poisoner's Handbook

   Spells                             Type                      Level
   a - Sting                          Conjuration/Poison           1
   b - Poisonous Vapours              Poison/Air                   2
   c - Mephitic Cloud                 Conjuration/Poison/Air       3
   d - Olgreb's Toxic Radiance        Poison                       4
   e - Venom Bolt                     Conjuration/Poison           5
   Trog disapproves of the use of such an item.
 C - a book of Power

   Spells                             Type                      Level
   a - Iskenderun's Battlesphere      Conjuration/Charms           5
   b - Venom Bolt                     Conjuration/Poison           5
   c - Bolt of Magma                  Conjuration/Fire/Earth       5
   d - Iron Shot                      Conjuration/Earth            6
   e - Orb of Destruction             Conjuration                  7
   f - Spellforged Servitor           Conjuration/Summoning        7
   Trog disapproves of the use of such an item.
 Q - a book of Callings

   Spells                             Type                      Level
   a - Summon Small Mammal            Summoning                    1
   b - Call Imp                       Summoning                    2
   c - Call Canine Familiar           Summoning                    3
   d - Summon Guardian Golem          Hexes/Summoning              3
   e - Summon Lightning Spire         Summoning/Air                4
   f - Summon Ice Beast               Ice/Summoning                4
   Trog disapproves of the use of such an item.
Miscellaneous
 H - a lightning rod (4/4)
Comestibles
 c - 21 rations


   Skills:
 + Level 13.8 Fighting
 + Level 3.6(3.8) Short Blades
 + Level 1.6(3.0) Long Blades
 * Level 12.2(12.5) Axes
 + Level 4.6(9.3) Maces & Flails
 - Level 12.0 Slings
 + Level 12.3 Armour
 + Level 5.0 Dodging
 + Level 1.1 Stealth
 * Level 14.0 Shields


You had 13 spell levels left.
You didn't know any spells.

Dungeon Overview and Level Annotations

Branches:
Dungeon (15/15)            Temple (1/1) D:6            Lair (0/6) D:10
    Orc (1/2) D:10         Vaults (0/5) D:13         Depths (1/5) D:15

Altars:
Ashenzari
Cheibriados
Dithmenos
Elyvilon
Fedhas
Gozag
Hepliaklqana
Kikubaaqudgha
Makhleb
Nemelex Xobeh
Okawaru
Ru
Sif Muna
Trog
Uskayaw
Vehumet
Wu Jian
Xom
Yredelemnul
Zin
The Shining One
Beogh

Shops:
D:7 !

Portals:
Hell: Depths:1

Annotations:
D:10 exclusion: oklob plant


Innate Abilities, Weirdness & Mutations

You reflexively headbutt those who attack you in melee.
You have a pair of horns on your head.
You have sharp toenails.
Your flesh is cold resistant. (rC+)
Your system is resistant to poisons. (rPois)


Message History

You're still recovering from your berserk rage.
Your skin crawls.
You feel resistant to hostile enchantments.
You feel somewhat more hungry. The fire dragon breathes flames at you.
The blast of flame hits you!
* * * LOW HITPOINT WARNING * * *
Unknown command.
Okay, then.
You hit the fire dragon. Your headbutt misses the fire dragon.
The fire dragon is heavily wounded.
The fire dragon bites you!
* * * LOW HITPOINT WARNING * * *
You block the fire dragon's attack.
The fire dragon tramples you but does no damage.
You slice the fire dragon!!
The fire dragon is severely wounded.
The fire dragon breathes flames at you. The blast of flame hits you!
You die...

############## ###
.............#### #.#
................#######.#
...(............'.......#
.........[......#######.#
........@.......# #.#
.......D#######.# #.#
#...####........# #.# #..
#........# #.# #.
#........# #.# #........#
#.# ..######.. #.# >... #
#.# D.... #.#


You could see a fire dragon.

Vanquished Creatures
  A fire giant (D:15)
  2 very ugly things (Depths:1)
  A vampire knight (Depths:1)
  Josephine (D:10)
  Erolcha (D:10)
  Fannar (D:10)
  5 vault guards (D:13)
  A tengu warrior (D:15)
  4 two-headed ogres
  The ghost of AAA992 the Spear-Bearer, a novice MiGl of Hepliaklqana (D:8)
  5 centaur warriors
  4 skeletal warriors (D:11)
  3 unseen horrors
  A wizard (Depths:1)
  A wolf spider zombie (D:14)
  2 glowing orange brains (Depths:1)
  2 phantasmal warriors (Depths:1)
  2 deep elf magi (D:13)
  4 ugly things
  3 cyclopes
  An orc knight (D:9)
  3 manticores
  2 centaur zombies
  Joseph (D:9)
  6 gargoyles
  2 komodo dragons (D:14)
  An efreet (D:11)
  3 centaur skeletons
  3 tengu conjurers
  A harpy zombie (D:15)
  5 trolls
  A merfolk (D:9)
  Prince Ribbit (D:9)
  6 slime creatures (D:14)
  2 hippogriffs
  4 wraiths (D:10)
  The ghost of Thargor the Shield-Bearer, an amateur DDFi (D:3)
  2 shadows
  13 yaks
  A basilisk (D:14)
  Grum (D:9)
  2 steam dragons (D:6)
  6 hungry ghosts
  2 water moccasins
  An acid dragon (D:13)
  12 orc warriors
  An eye of draining (D:14)
  A black bear (D:13)
  A necrophage (D:11)
  5 ice beasts
  6 phantoms
  4 sky beasts
  An ogre (D:10)
  2 wolves (D:9)
  5 boggarts (D:14)
  29 centaurs
  3 crocodiles
  Blork the orc (D:5)
  3 big kobolds
  20 bullfrogs
  A wyvern skeleton (D:11)
  3 scorpions
  8 killer bees
  10 wights
  5 howler monkeys
  8 crimson imps
  A bullfrog zombie (D:9)
  8 hounds
  A jelly (D:7)
  9 orc priests
  A gnoll shaman (D:7)
  2 bullfrog skeletons
  13 orc wizards
  9 iguanas
  Ijyb (D:5)
  11 worker ants
  A hound skeleton (D:5)
  A worker ant zombie (D:4)
  3 gnolls (D:7)
  11 adders
  2 shadow imps
  13 white imps
  2 adder skeletons
  4 worms
  3 dart slugs
  7 leopard geckos
  51 orcs
  2 giant cockroaches
  5 goblins
  12 hobgoblins
  10 jackals
  20 kobolds
  3 quokkas
  A ball python (D:1)
  4 bats
  4 frilled lizards
  2 giant cockroach zombies (D:5)
  6 rats
468 creatures vanquished.

Vanquished Creatures (collateral kills)
  Bai Suzhen (Depths:1)
  An ettin (Depths:1)
2 creatures vanquished.

Vanquished Creatures (others)
  An orc (D:10)
1 creature vanquished.

Grand Total: 471 creatures vanquished

Notes
Turn   | Place    | Note
-------+----------+-------------------------------------------
     0 | D:1      | TomHero the Minotaur Berserker began the quest for the Orb.
     0 | D:1      | Reached XP level 1. HP: 19/19 MP: 0/0
   175 | D:1      | Reached XP level 2. HP: 7/27 MP: 1/1
   994 | D:2      | Reached XP level 3. HP: 34/34 MP: 2/2
  1022 | D:2      | Found a shattered altar of Ashenzari.
  1147 | D:2      | Reached ** piety under Trog
  1274 | D:2      | Found a sparkling altar of Nemelex Xobeh.
  1389 | D:3      | Noticed Thargor's ghost (amateur DDFi)
  1389 | D:3      | Reached skill level 1 in Slings
  1389 | D:3      | Reached XP level 4. HP: 41/41 MP: 3/3
  1417 | D:3      | Reached skill level 1 in Short Blades
  1550 | D:2      | Found a shadowy altar of Dithmenos.
  2066 | D:3      | Reached skill level 5 in Fighting
  2066 | D:3      | Reached XP level 5. HP: 38/48 MP: 4/4
  2096 | D:3      | Killed Thargor's ghost
  2096 | D:3      | Reached skill level 1 in Shields
  2096 | D:3      | Reached XP level 6. HP: 31/56 MP: 5/5
  2122 | D:3      | Reached skill level 2 in Shields
  2203 | D:3      | Found a sparkling altar of Nemelex Xobeh.
  2639 | D:4      | Reached skill level 3 in Shields
  2687 | D:4      | Reached XP level 7. HP: 61/61 MP: 6/6
  2759 | D:5      | Entered Level 5 of the Dungeon
  2953 | D:4      | Reached *** piety under Trog
  2953 | D:4      | Reached skill level 5 in Slings
  3185 | D:4      | Found a radiant altar of Vehumet.
  3348 | D:5      | Noticed a two-headed ogre
  3363 | D:5      | Killed a two-headed ogre
  3363 | D:5      | Reached skill level 4 in Shields
  3363 | D:5      | Reached XP level 8. HP: 65/71 MP: 7/7
  3527 | D:5      | Noticed Ijyb
  3529 | D:5      | Killed Ijyb
  3875 | D:5      | Reached skill level 5 in Armour
  3904 | D:5      | Got a steaming dagger
  4153 | D:5      | Identified the cursed +1 dagger of Wydeocoqefo {flame, +Rage rPois MP+9 Str-3} (You found it on level 5 of the Dungeon)
  4229 | D:5      | Noticed Blork the orc
  4237 | D:5      | Killed Blork the orc
  4237 | D:5      | Reached skill level 5 in Shields
  4613 | D:6      | Reached XP level 9. HP: 66/79 MP: 8/8
  4681 | D:6      | Found a staircase to the Ecumenical Temple.
  4696 | D:6      | Reached **** piety under Trog
  5030 | D:6      | Reached skill level 6 in Shields
  5140 | D:6      | Got a sheer robe
  5454 | D:6      | Identified the cursed +0 robe of Bitterness {rC++ Slay-3} (You took it off an orc on level 6 of the Dungeon)
  5508 | Temple   | Entered the Ecumenical Temple
  5796 | D:7      | Found Ruveanta's Distillery.
  6760 | D:8      | Reached skill level 7 in Shields
  6823 | D:8      | Found a sacrificial altar of Ru.
  6964 | D:9      | Noticed a two-headed ogre
  6976 | D:8      | Killed a two-headed ogre
  6976 | D:8      | Reached skill level 10 in Slings
  6976 | D:8      | Reached XP level 10. HP: 85/90 MP: 9/9
  7114 | D:8      | Noticed AAA992's ghost (novice MiGl)
  7148 | D:8      | Killed AAA992's ghost
  7148 | D:8      | Reached skill level 1 in Long Blades
  7148 | D:8      | Reached skill level 8 in Shields
  7813 | D:10     | Entered Level 10 of the Dungeon
  7831 | D:10     | Noticed a gargoyle
  8042 | D:9      | Noticed Grum
  8069 | D:9      | Killed Grum
  8346 | D:9      | Noticed Joseph
  8356 | D:9      | Received a gift from Trog
  8374 | D:9      | Killed Joseph
  8499 | D:9      | Noticed Prince Ribbit
  8508 | D:9      | Killed Prince Ribbit
  8508 | D:9      | Reached skill level 9 in Shields
  8536 | D:9      | Noticed a gargoyle
  8569 | D:9      | Killed a gargoyle
  8637 | D:9      | Reached XP level 11. HP: 97/97 MP: 10/10
  8888 | D:10     | Received a gift from Trog
  8982 | D:10     | Noticed Erolcha
  8993 | D:10     | Killed Erolcha
  9123 | D:10     | Noticed an oklob plant
  9131 | D:10     | Found a staircase to the Lair.
  9200 | D:10     | Noticed Fannar
  9257 | D:10     | Found a roughly hewn altar of Beogh.
  9257 | D:10     | Found a staircase to the Orcish Mines.
  9258 | D:10     | Noticed an orc knight
  9307 | D:9      | Killed an orc knight
  9613 | D:10     | Reached skill level 10 in Fighting
  9613 | D:10     | Reached skill level 10 in Armour
  9779 | D:10     | Noticed Josephine
  9812 | D:10     | Reached skill level 1 in Maces & Flails
  9826 | D:10     | Killed Josephine
 10042 | D:10     | Killed Fannar
 10042 | D:10     | Reached skill level 10 in Shields
 10389 | Orc:1    | Entered Level 1 of the Orcish Mines
 10389 | Orc:1    | Noticed an orc knight
 10389 | Orc:1    | Noticed an orc sorcerer
 10523 | D:11     | Reached ***** piety under Trog
 10618 | D:11     | Noticed a skeletal warrior
 10650 | D:11     | Killed a skeletal warrior
 10728 | D:11     | Noticed a skeletal warrior
 10761 | D:11     | Killed a skeletal warrior
 10761 | D:11     | Received a gift from Trog
 10761 | D:11     | Reached XP level 12. HP: 108/108 MP: 11/11
 10800 | D:11     | Gained mutation: Your flesh is cold resistant. (rC+) [potion of mutation]
 10800 | D:11     | Gained mutation: Your system is resistant to poisons. (rPois) [potion of mutation]
 10800 | D:11     | Gained mutation: You have sharp toenails. [potion of mutation]
 10948 | D:11     | Reached skill level 11 in Shields
 11489 | D:11     | Got a steaming long sword
 11707 | D:12     | Noticed a two-headed ogre
 11714 | D:12     | Killed a two-headed ogre
 12200 | D:12     | Received a gift from Trog
 12570 | D:12     | You fall through a shaft for 2 floors!
 12833 | D:14     | Reached skill level 12 in Shields
 12993 | D:14     | Noticed a centaur warrior
 13001 | D:13     | Noticed a vault guard
 13043 | D:13     | Reached skill level 5 in Axes
 13068 | D:13     | Noticed a centaur warrior
 13119 | D:13     | Killed a centaur warrior
 13267 | D:13     | Noticed a vault guard
 13276 | D:13     | Reached XP level 13. HP: 119/119 MP: 7/12
 13790 | D:13     | Received a gift from Trog
 14112 | D:13     | Found a gate to the Vaults.
 14311 | D:13     | Received a gift from Trog
 14311 | D:13     | Reached skill level 13 in Shields
 14443 | D:13     | Got a pitted spear
 14466 | D:13     | Identified the +9 spear "Podwom" {freeze, rN+ Int-3 Dex+3} (You found it on level 13 of the Dungeon)
 14472 | D:13     | Identified the +6 long sword of Melee {slice, *Noise rElec rF+++ Str-3} (You found it on level 11 of the Dungeon)
 15022 | D:12     | Got a steaming dagger
 15023 | D:12     | Identified the +6 dagger of Analysis {pierce, rF++} (You found it on level 12 of the Dungeon)
 15686 | D:14     | Reached skill level 1 in Stealth
 16156 | D:14     | Reached skill level 10 in Axes
 16394 | D:15     | Entered Level 15 of the Dungeon
 16638 | D:15     | Found a staircase to the Depths.
 16638 | D:15     | Noticed a fire giant
 16748 | D:15     | Killed a fire giant
 17350 | D:15     | Reached XP level 14. HP: 121/129 MP: 4/13
 17452 | D:15     | Found a glowing golden altar of the Shining One.
 17790 | Depths:1 | Entered Level 1 of the Depths
 17849 | Depths:1 | Found a gateway to Hell.
 17887 | Depths:1 | Noticed Bai Suzhen
 17899 | Depths:1 | Noticed a cyan very ugly thing
 17905 | Depths:1 | Noticed a cyan very ugly thing
 18020 | Depths:1 | Killed Bai Suzhen
 18149 | Depths:1 | Killed a brown very ugly thing
 18188 | Depths:1 | Killed a purple very ugly thing
 18188 | Depths:1 | Reached skill level 14 in Shields
 18302 | Depths:1 | Noticed a vampire knight
 18320 | Depths:1 | Killed a vampire knight
 18320 | Depths:1 | Reached skill level 5 in Dodging
 18343 | Depths:1 | Killed from afar by a fire dragon

Skill      XL: |  1  2  3  4  5  6  7  8  9 10 11 12 13 14 |
---------------+-------------------------------------------+-----
Axes           | 4 5 11 12 | 12.2
Fighting       | 4 5 6 7 8 9 10 12 13 | 13.8
Slings         | 1 2 3 4 6 8 10 12 | 12.0
Short Blades   | 1 2 3 |  3.6
Shields        | 1 3 4 5 7 9 10 12 13 14 | 14.0
Armour         | 3 4 5 7 9 11 12 | 12.3
Dodging        | 3 4 5 |  5.0
Long Blades    | 1 |  1.6
Maces & Flails | 2 4 |  4.6
Stealth        | 1 |  1.1

Action                   |  1- 3 |  4- 6 |  7- 9 | 10-12 | 13-15 || total
-------------------------+-------+-------+-------+-------+-------++-------
Melee: Hand axe          |    37 |       |       |     8 |       ||    45
       Headbutt          |     9 |     4 |    18 |    56 |    68 ||   155
       Dagger            |    25 |    21 |    55 |   131 |       ||   232
       Falchion          |       |       |     2 |    27 |       ||    29
       Unarmed           |       |       |     1 |       |       ||     1
       Flail             |       |       |       |    85 |       ||    85
       Broad axe         |       |       |       |    36 |   276 ||   312
       Mace              |       |       |       |     9 |       ||     9
       Hunting sling     |       |       |       |       |    15 ||    15
 Fire: Hunting sling     |    29 |    88 |   305 |   803 |   268 ||  1493
Invok: Berserk           |     1 |     1 |     2 |    10 |     6 ||    20
       Trog's Hand       |       |     1 |     2 |     5 |     6 ||    14
       Burn Spellbooks   |       |       |     1 |       |     2 ||     3
       Brothers in Arms  |       |       |       |       |     1 ||     1
  Use: Scroll            |     2 |     4 |     4 |    32 |    14 ||    56
       Potion            |       |     4 |       |    11 |     8 ||    23
  Eat: Chunk             |     2 |     2 |     8 |    29 |     2 ||    43
       Ration            |       |     1 |     2 |     5 |     8 ||    16
Armor: Animal skin       |     3 |       |       |       |       ||     3
       Leather armour    |     4 |    10 |       |       |       ||    14
       Ring mail         |       |     6 |    14 |       |       ||    20
       Chain mail        |       |       |     6 |       |       ||     6
       Plate armour      |       |       |    23 |   222 |       ||   245
       Troll leather arm |       |       |       |    21 |   151 ||   172
Dodge: Dodged            |    36 |    28 |    30 |   131 |   126 ||   351
Block: Shield            |       |    19 |    61 |   311 |   250 ||   641
